Cogmind - Beta 11.1 @@@ ROGUE MODE // 2022.11.12 @ 07:17:42 Player: deadnoob Result: Destroyed by DAS Turret with DAS Cannon Performance ------------- Evolutions (1) 500 Regions Visited (5) 1000 Robots Destroyed (58) 290 Value Destroyed (1201) 1201 Prototype IDs (33) 660 Alien Tech Used (0) 0 Bonus (-650) -650 TOTAL SCORE: 3001 Bonus ------- High Alert Combat Kills 88 Aligned with FarCom 300 Friendly Fire -1038 Cogmind --------- Core Integrity 0/400 Matter 300/300 Energy 306/310 System Corruption 0% Temperature Cool (2) Movement Treading (240) Ox1 Location -9/Exiles Parts ------- > --- POWER (1) -------- Reinforced Fission Core > --- PROPULSION (3) --- Light Treads Light Treads > --- UTILITY (3) ------ High-capacity Storage Unit Experimental Targeting Computer > --- WEAPON (2) ------- Improved Assault Rifle Improved Assault Rifle > --- INVENTORY (20) --- Light Ion Engine Advanced Myomer Leg Medium Storage Unit High-capacity Battery (250) Advanced Weapon Cycler Medium Armor Plating Medium Armor Plating Medium Armor Plating Medium Armor Plating Hardened Light Armor Plating AS-neutralizer No. 17b EM Pulse Gun Improved Assault Rifle Rocket Launcher Rocket Launcher Hammer Peak State ------------ > --- POWER ------------ Reinforced Fission Core > --- PROPULSION ------- Light Treads Light Treads Advanced Myomer Leg > --- UTILITY ---------- High-capacity Storage Unit Experimental Targeting Computer Medium Armor Plating > --- WEAPON ----------- Improved Assault Rifle Improved Assault Rifle > --- INVENTORY -------- Light Ion Engine Medium Storage Unit High-capacity Battery Advanced Weapon Cycler Medium Armor Plating Medium Armor Plating Medium Armor Plating Hardened Light Armor Plating AS-neutralizer No. 17b EM Pulse Gun Improved Assault Rifle Rocket Launcher Rocket Launcher Hammer [Rating: 34] Favorites ----------- Power Deuterium Engine Engine Deuterium Engine Power Core Reinforced Fission Core Propulsion Light Treads Treads Light Treads Leg Aluminum Leg Wheel Wheel Flight Unit Improved VTOL Module Utility High-capacity Storage Unit Device Heat Sink Storage High-capacity Storage Unit Processor Improved Targeting Computer Protection Medium Armor Plating Weapon Improved Assault Rifle Energy Gun Improved Medium Laser Ballistic Gun Improved Assault Rifle Launcher Rocket Launcher Special Weapon Mining Laser Impact Weapon Hammer Build | -11 -10 -10 -9 -9 -9 ------- Run | Scr Mat Min Mat Min Exi Slots Evolved 2 | . . . 2 . . Power . | . . . . . . Propulsion 1 | . . . 1 . . Utility 1 | . . . 1 . . Weapon . | . . . . . . Parts Attached 67 | . 13 5 34 2 13 Power 6 | . 2 . 3 . 1 Engine 5 | . 2 . 3 . . Core 1 | . . . . . 1 Reactor . | . . . . . . Propulsion 21 | . 6 4 8 1 2 Treads 16 | . 5 2 7 1 1 Leg 2 | . 1 . . . 1 Wheel 2 | . . 2 . . . Hover . | . . . . . . Flight 1 | . . . 1 . . Utility 17 | . 5 1 6 . 5 Device 4 | . 1 . 2 . 1 Storage 4 | . 3 . 1 . . Processor 5 | . 1 1 2 . 1 Hackware . | . . . . . . Protection 4 | . . . 1 . 3 Artifact . | . . . . . . Weapon 23 | . . . 17 1 5 Energy Gun 5 | . . . 5 . . Energy Cannon . | . . . . . . Ballistic Gun 8 | . . . 4 . 4 Ballistic Cannon . | . . . . . . Launcher 6 | . . . 4 1 1 Special Weapon 2 | . . . 2 . . Impact Weapon 2 | . . . 2 . . Slashing Weapon . | . . . . . . Piercing Weapon . | . . . . . . Special Melee Weapon . | . . . . . . Unidentified Prototypes 6 | . . . 3 . 3 Parts Lost 18 | . 1 7 1 1 8 Power 4 | . 1 1 1 . 1 Propulsion 6 | . . 3 . 1 2 Utility 5 | . . 2 . . 3 Weapon 3 | . . 1 . . 2 Highest Loss Streak 8 | . 1 7 1 1 8 To Critical Strikes 6 | . . . 1 . 5 Average Slot Usage (%) 97 | . 96 93 97 100 96 Engine 11 | . 13 11 10 11 9 Treads 30 | . 26 26 32 33 31 Device 4 | . 6 . 10 . . Storage 11 | . 14 14 11 11 11 Processor 8 | . 6 12 8 11 10 Protection 4 | . . . . 11 10 Energy Gun 1 | . . . 6 . . Ballistic Gun 17 | . 28 27 11 16 12 Launcher 3 | . . . 1 5 9 Naked Turns . | . . . . . . Heaviest Build 74 | 11 28 28 62 63 74 Greatest Support 60 | 20 40 40 60 60 60 Greatest Overweight (x) 2 | . 1 2 1 1 1 Average Overweight (x) . | . . . . 1 1 Largest Inventory Capacity 20 | . 20 15 20 20 20 Average Capacity 17 | . 14 15 18 20 20 Most Carried 20 | . 15 15 20 20 20 Average Carried 15 | . 11 14 16 19 17 Final Capacity 20 | 8 15 15 20 20 20 Final Carried 20 | 6 15 12 20 19 16 Class Distribution -------------------- 73% | Mutant 26% | Scavenger-Mutant Dominant Class ---------------- Mutant | -10/Materials Mutant | -10/Mines Scavenger-Mutant | -9/Materials Mutant | -9/Mines Mutant | -9/Exiles Resources | -11 -10 -10 -9 -9 -9 ----------- Run | Scr Mat Min Mat Min Exi Matter Collected 1604 | 200 223 26 599 72 484 Remotely . | . . . . . . Salvage Created 1763 | . 497 5 1118 26 117 Parts 116 | . 34 . 70 7 5 Haulers Intercepted 5 | . 2 . 3 . . Recyclers Shooed 2 | . 2 . . . . Parts Field Recycled . | . . . . . . Retrieved Matter . | . . . . . . Parts Self-Destructed . | . . . . . . Prevented . | . . . . . . Kills | -11 -10 -10 -9 -9 -9 ------- Run | Scr Mat Min Mat Min Exi Combat Hostiles Destroyed 40 | . 8 2 24 4 2 Melee 1 | . . . 1 . . Guns 26 | . 8 2 15 . 1 AOE 12 | . . . 7 4 1 Classes Destroyed 10 | . 6 1 2 . 1 Worker 2 | . . . 1 1 . Builder 3 | . 1 . 2 . . Hauler 5 | . 2 . 3 . . Recycler 4 | . 1 . 3 . . Watcher 5 | . 2 . 3 . . Swarmer 15 | . 3 . 8 4 . Grunt 18 | . 5 . 13 . . Sentry 3 | . . . 3 . . Demolisher 2 | . . 2 . . . Assembled 7 | . . . . . 7 Best Kill Streak 8 | . 3 2 8 5 1 Combat Bots Only 4 | . 3 2 4 4 1 Max Kills in Single Turn 6 | . 2 1 3 5 6 Gunslinging 1 | . 1 . 1 . . Exploded 4 | . . . 3 4 1 Melee 1 | . . . 1 . . Uniques/NPCs Destroyed 1 | . . . . . 1 8R-AWN (-9/Exiles) Combat | -11 -10 -10 -9 -9 -9 -------- Run | Scr Mat Min Mat Min Exi Damage Taken 3276 | . 364 652 757 44 1459 Core 619 | . 62 146 100 . 311 Absorbed by Shields . | . . . . . . Regen/Repaired (Parts) 100 | . 100 . . . . Core Remaining (%) 58 | 100 . 16 . . . Volleys Fired 154 | . 45 6 54 1 48 Largest 2 | . 2 2 2 1 2 Hottest 112 | . 40 40 112 33 66 Shots Fired 289 | . 90 12 90 1 96 Gun 275 | . 90 12 81 . 92 Cannon . | . . . . . . Launcher 13 | . . . 8 1 4 Special 1 | . . . 1 . . Kinetic 251 | . 90 12 57 . 92 Thermal 21 | . . . 21 . . Explosive 13 | . . . 8 1 4 Electromagnetic 4 | . . . 4 . . Robot Hit Streak 58 | . 9 7 9 . 58 Robot Miss Streak 3 | . 3 1 3 . 2 Penetration Max . | . . . . . . Secondary Targets 6 | . 2 1 3 . . Max Gunslinging Chain 1 | . 1 1 1 . . Shots Hit Robots 216 | . 56 9 60 . 91 Core Hits 106 | . 26 6 42 7 25 Critical Kills . | . . . . . . Critical Parts Destroyed 5 | . 1 . 3 . 1 Critical Strikes 6 | . 1 . 4 . 1 Burn 1 | . . . 1 . . Destroy 3 | . 1 . 1 . 1 Smash 2 | . . . 2 . . Melee Attacks 10 | . . . 10 . . Impact 10 | . . . 10 . . Slashing . | . . . . . . Piercing . | . . . . . . Sneak Attacks 4 | . . . 4 . . Combat Hostiles . | . . . . . . Follow-up Attacks . | . . . . . . Damage Inflicted 4526 | . 610 91 1764 273 1788 Guns 2898 | . 594 91 903 . 1310 Cannons . | . . . . . . Explosions 1303 | . . . 555 270 478 Melee 263 | . . . 263 . . Ramming 62 | . 16 . 43 3 . Kinetic 2618 | . 594 91 623 . 1310 Thermal 248 | . . . 248 . . Explosive 1303 | . . . 555 270 478 Electromagnetic 32 | . . . 32 . . Impact 263 | . . . 263 . . Slashing . | . . . . . . Piercing . | . . . . . . Highest Corruption 7 | . . 7 . . . Average Corruption 4 | . . 4 . . . Corruption Purged . | . . . . . . Corruption Blocked . | . . . . . . Effects 2 | . . 2 . . . Matter Fused 1 | . . 1 . . . Energy Discharges 1 | . . 1 . . . Overload Shots . | . . . . . . Overflow Damage 143 | . . . 106 25 12 Projectiles . | . . . . . . Explosions 37 | . . . . 25 12 Melee 106 | . . . 106 . . Knockbacks 1 | . . . 1 . . Impact 1 | . . . 1 . . Kinetic . | . . . . . . Secondary . | . . . . . . Self-Inflicted Damage 38 | . . . . 38 . Shots 1 | . . . . 1 . Rammed 6 | . 1 . 3 2 . Targets Rammed 9 | . 2 . 5 2 . Kicked . | . . . . . . Crushed 3 | . 1 . 2 . . Highest Temperature 36 | . 19 . 36 . 18 Average Temperature 9 | . 7 . 11 . 10 Received Heat Transfer 544 | . 183 100 261 . . Siege Activations . | . . . . . . Robots Corrupted 1 | . . . 1 . . Combat Hostiles 1 | . . . 1 . . Parts Fried 4 | . . . 4 . . Impact Corruptions 5 | . . . 5 . . Robots Melted . | . . . . . . Combat Hostiles . | . . . . . . Parts Melted 3 | . . . 3 . . Heat Transferred 592 | . . . 592 . . Parts Sabotaged . | . . . . . . Parts Stolen . | . . . . . . Parts Stripped . | . . . . . . Power Chain Reactions . | . . . . . . Missiles Intercepted . | . . . . . . Alert | -11 -10 -10 -9 -9 -9 ------- Run | Scr Mat Min Mat Min Exi Peak Influence 766 | . 163 33 766 410 . Initial 286 | . . 13 . 286 . Average 174 | . 46 13 286 291 . Maximum Alert Level 3 | . . . 3 2 . Low Security (%) 61 | . 100 100 41 . . Level 1 24 | . . . 31 79 . Level 2 11 | . . . 23 20 . Level 3 1 | . . . 4 . . Level 4 . | . . . . . . Level 5 . | . . . . . . High Security . | . . . . . . Max Security . | . . . . . . Squads Dispatched 11 | . 4 . 7 . . Investigation 4 | . 2 . 2 . . Extermination . | . . . . . . Reinforcement 6 | . 2 . 4 . . Assault 1 | . . . 1 . . Garrison . | . . . . . . Intercept . | . . . . . . Searches Triggered . | . . . . . . Construction Impeded . | . . . . . . Haulers Reinforced . | . . . . . . Active Scanning Responses . | . . . . . . Cargo Convoy Interrupts . | . . . . . . Stealth | -11 -10 -10 -9 -9 -9 --------- Run | Scr Mat Min Mat Min Exi Distress Signals 3 | . 1 . 2 . . Communications Jammed . | . . . . . . Distress Signals . | . . . . . . Times Spotted 72 | . 16 6 44 4 2 Peak Tracking Total 5 | . 3 4 5 4 3 Tactical Retreats 10 | . . . 9 . 1 Traps | -11 -10 -10 -9 -9 -9 ------- Run | Scr Mat Min Mat Min Exi Traps Triggered 4 | . 2 . 2 . . Indirectly . | . . . . . . Trap Hack Attempts . | . . . . . . Triggered . | . . . . . . Disarmed . | . . . . . . Reprogrammed . | . . . . . . Reused . | . . . . . . Traps Extracted . | . . . . . . Installed . | . . . . . . Triggered . | . . . . . . Machines | -11 -10 -10 -9 -9 -9 ---------- Run | Scr Mat Min Mat Min Exi Machines Disabled 7 | . . . 4 . 3 Max in Single Turn 2 | . . . 1 . 2 Machines Sabotaged . | . . . . . . Garrisons Compromised . | . . . . . . Overloaded Fab Kills . | . . . . . . Hacking | -11 -10 -10 -9 -9 -9 --------- Run | Scr Mat Min Mat Min Exi Machines Accessed 14 | . 6 . 6 . 2 Terminals 10 | . 4 . 6 . . Fabricators . | . . . . . . Repair Stations 1 | . 1 . . . . Recycling Units 1 | . 1 . . . . Scanalyzers . | . . . . . . Garrison Access . | . . . . . . Total Hacks 38 | . 17 . 19 . 2 Successful 22 | . 9 . 11 . 2 Failed 16 | . 8 . 8 . . Catastrophic 2 | . . . 2 . . Database Lockouts . | . . . . . . Manual 20 | . 11 . 8 . 1 Terminals 32 | . 13 . 19 . . Fabricators . | . . . . . . Repair Stations 3 | . 3 . . . . Recycling Units 1 | . 1 . . . . Scanalyzers . | . . . . . . Garrison Access . | . . . . . . Terminal Hacks 15 | . 5 . 8 . 2 Record 1 | . . . . . 1 Robot Analysis 3 | . 2 . 1 . . Prototype ID Bank 2 | . 1 . 1 . . Branch Access Points 1 | . . . 1 . . Terminal Index 1 | . . . 1 . . Alert Level 1 | . . . 1 . . Locate Traps 1 | . 1 . . . . Hauler Manifests 1 | . . . 1 . . Zone Layout 3 | . 1 . 2 . . EX-Prototype ID Bank 1 | . . . . . 1 Fabricator Hacks . | . . . . . . Repair Station Hacks 2 | . 2 . . . . Scan Component 1 | . 1 . . . . Repair 1 | . 1 . . . . Recycling Unit Hacks . | . . . . . . Scanalyzer . | . . . . . . Garrison Access Hacks . | . . . . . . Unauthorized Hacks 5 | . 2 . 3 . . Terminals 4 | . 1 . 3 . . Track 3 | . 1 . 2 . . Disrupt 1 | . . . 1 . . Fabricators . | . . . . . . Repair Stations . | . . . . . . Recycling Units 1 | . 1 . . . . Tunnel 1 | . 1 . . . . Scanalyzers . | . . . . . . Garrison Access . | . . . . . . Data Cores Recovered . | . . . . . . Used . | . . . . . . Hacking Detections 11 | . 5 . 6 . . Full Trace Events 6 | . 2 . 4 . . Feedback Events . | . . . . . . Feedback Blocked . | . . . . . . Robot Schematics Acquired . | . . . . . . Robots Built . | . . . . . . Authchips . | . . . . . . Time . | . . . . . . Total Robot Build Rating . | . . . . . . Part Schematics Acquired . | . . . . . . Parts Built . | . . . . . . Authchips . | . . . . . . Time . | . . . . . . Total Part Build Rating . | . . . . . . Parts Repaired 1 | . 1 . . . . Time 26 | . 26 . . . . Parts Recycled . | . . . . . . Recycled Matter . | . . . . . . Retrieved Matter . | . . . . . . Retrieved Components . | . . . . . . Parts Scanalyzed . | . . . . . . Part Schematics Acquired . | . . . . . . Parts Damaged . | . . . . . . Bothacking | -11 -10 -10 -9 -9 -9 ------------ Run | Scr Mat Min Mat Min Exi Used RIF Installer . | . . . . . . Robots Hacked . | . . . . . . Non-combat . | . . . . . . Combat . | . . . . . . Robot Hacks Applied . | . . . . . . Relay Couplers Released . | . . . . . . Fabnet Peak Effective % . | . . . . . . Robots Rewired . | . . . . . . Allies Hacked . | . . . . . . Hacks Repelled . | . . . . . . Allies | -11 -10 -10 -9 -9 -9 -------- Run | Scr Mat Min Mat Min Exi Total Allies . | . . . . . . Largest Group . | . . . . . . Highest-Rated Group . | . . . . . . Highest-Rated Ally . | . . . . . . Total Orders . | . . . . . . Ally Attacks . | . . . . . . Total Damage . | . . . . . . Kills . | . . . . . . Allies Corrupted . | . . . . . . Allies Melted . | . . . . . . Intel | -11 -10 -10 -9 -9 -9 ------- Run | Scr Mat Min Mat Min Exi Robot Analysis Total 3 | . 2 . 1 . . Derelict Logs Recovered 2 | . . 1 . 1 . Drone Launches . | . . . . . . Drone Recoveries . | . . . . . . Exploration | -11 -10 -10 -9 -9 -9 ------------- Run | Scr Mat Min Mat Min Exi Turns Passed 4752 | . 1419 149 1267 540 1377 Spaces Moved 1834 | 1 472 82 556 222 501 Core . | . . . . . . Treads 1799 | . 448 72 556 222 501 Legs 25 | 1 24 . . . . Wheels 10 | . . 10 . . . Hover . | . . . . . . Flight . | . . . . . . Fastest Speed 95 | 120 120 95 160 240 240 Average Speed 196 | 120 159 154 177 240 240 Slowest Speed 240 | 120 240 240 240 240 240 Overloaded Moves . | . . . . . . Propulsion Burnouts . | . . . . . . Robots Hopped . | . . . . . . Cave-ins Triggered . | . . . . . . Exploration Rate (%) 43 | 2 66 25 47 51 67 Regions Visited 5 Branch Regions 3 Pre-discovered Areas 3 | . 1 1 . . 1 Known Exits Taken 1 | . . . 1 . . Unknown Exits Taken 4 | 1 1 1 . 1 . Scrap Searched 3 | . . 1 . 2 . Spaces Dug 36 | . . . 22 14 . Terrain Destroyed 101 | . . . 59 14 28 Melee 2 | . . . 2 . . Projectile 1 | . . . 1 . . AOE 98 | . . . 56 14 28 Terrain Rammed . | . . . . . . Walls Destroyed . | . . . . . . Machines Disabled . | . . . . . . Actions | -11 -10 -10 -9 -9 -9 --------- Run | Scr Mat Min Mat Min Exi Total 2685 | . 1054 92 728 226 585 Wait 519 | . 505 . 12 . 2 Move 1830 | . 471 81 556 221 501 Hop . | . . . . . . Pick Up 47 | . 11 . 28 . 8 Fast Attach 19 | . 5 . 10 . 4 Attach 21 | . 3 3 8 1 6 Detach 12 | . 3 . 5 . 4 Swap 27 | . 5 2 16 1 3 Drop 38 | . 4 . 25 . 9 Fire 154 | . 45 6 54 1 48 Melee 10 | . . . 10 . . Ram . | . . . . . . Kick . | . . . . . . Crush 8 | . 2 . 4 2 . Escape Stasis . | . . . . . . Rewire . | . . . . . . Trap . | . . . . . . Miscellaneous . | . . . . . . Route ------- -11/Scrapyard -10/Materials (discovered 3 exits: *Mat / [*Min x2]) -10/Mines -9/Materials (discovered 3 exits: [*Mat] / *Min x2) -9/Mines -9/Exiles History --------- Turn | Location | Event 1 | -11/Scrapyard | Discovered new exit (range 0) 1 | -11/Scrapyard | Entered Materials 306 | -10/Materials | Build established: Mutant 764 | -10/Materials | Discovered new exit (range 4) 852 | -10/Materials | Repaired Lgt. Treads? 1004 | -10/Materials | Discovered new exit (range 16) 1388 | -10/Materials | Discovered new exit (range 12) 1420 | -10/Materials | Entered Mines 1511 | -10/Mines | Assembled infested the area 1516 | -10/Mines | Assisted by a Guerilla fighting off Assembled 1535 | -10/Mines | Core integrity fell below 50% 1546 | -10/Mines | Discovered new exit (range 15) 1568 | -10/Mines | Core integrity fell below 20% 1569 | -10/Mines | Entered Materials 1569 | -9/Materials | Evolved 2 slots: Propulsion x1, Utility x1 1592 | -9/Materials | Lost 7 parts (1p3n2u1w) 1900 | -9/Materials | Build established: Scavenger-Mutant 2287 | -9/Materials | Discovered new exit (range 15) 2497 | -9/Materials | Identified exit to Mines 2769 | -9/Materials | First assault squad dispatched 2836 | -9/Materials | Entered Mines 2845 | -9/Mines | Met a Derelict bent on vengeance 2928 | -9/Mines | Learned location of 1 exit from Materials 3085 | -9/Mines | Build established: Mutant 3355 | -9/Mines | Deemed a non-threat by the Exiles lab entrance 3357 | -9/Mines | Discovered new exit (range 5) 3376 | -9/Mines | Entered Exiles 3432 | -9/Exiles | Met 8R-AWN 3477 | -9/Exiles | Met EX-HEX 3576 | -9/Exiles | Met EX-DEC 3592 | -9/Exiles | Learned location of Zion (-6) 4259 | -9/Exiles | Met EX-BIN 4286 | -9/Exiles | Aligned with FarCom system 4288 | -9/Exiles | Given EX-Vault access code 4346 | -9/Exiles | Opened EX-Vault 4403 | -9/Exiles | Warned to stay clear of 0b10 Research branches 4497 | -9/Exiles | Attacked by the Exiles 4555 | -9/Exiles | Core integrity fell below 50% 4609 | -9/Exiles | Core integrity fell below 20% 4648 | -9/Exiles | Destroyed 8R-AWN 4656 | -9/Exiles | Lost 8 parts (1p2n3u2w) 4656 | -9/Exiles | Found Prototype Device 4656 | -9/Exiles | Identified AS-neutralizer No. 17b 4667 | -9/Exiles | Found Prototype Processor 4667 | -9/Exiles | Identified Exp. Targeting Computer 4753 | -9/Exiles | Destroyed by DAS Turret with DAS Cannon Last Messages --------------- 04629_ Penetrated by HV Slug. 04642_ The unstable cave ceiling collapses. 04642_ Destroyed Prototype Protection. 04642_ Penetrated by HV Slug. 04642_ Critical hit (Destroy). 04646_ Penetrated by HV Slug. 04646_ Critical hit (Destroy). 04648_ 8R-AWN destroyed. 04648_ Machine disabled. 04649_ The unstable cave ceiling collapses. 04656_ Acquired Prototype Device. 04656_ Identified AS-neutralizer No. 17b. 04658_ Acquired 101 matter. 04663_ Acquired Prototype Leg. 04663_ Identified Adv. Myomer Leg. 04667_ Acquired Prototype Processor. 04667_ Identified Exp. Targeting Computer. 04671_ Acquired Rnf. Fission Core. 04675_ Acquired Adv. Weapon Cycler. 04677_ Extracted 119 matter. Map ----- +----------------------------------------------------+ | ??????????????????????????????# #?#"""""""#??? | | ?????????????????????????????## ###"" """"#??? | | ####?????????????????????????#" """"#??? | | "#?????????????????????????#" """#??? | | "#?????????????????????????#" """#??? | | "#?????????????????????????#" """#??? | | ""#?????????????#???????????#" """#??? | | ""#???????????? """????????#" """##?? | | ""#????????????" """#???????## """""?? | | ###????????????" ?????????# """##?? | | #?????????????"" ?????????#" "X" """""?? | | ##????????????"" "?????????#" """ #??? | | "#????????????? ""?????????#" """""""""#??? | | ###???????????" "?????????##" ###########??? | | ##??????????# #????????##"" #????????????? | | ######???### ###?######"" #????????????? | | """#####X# #"###""""""" ##????????##?? | | """""" " "" ##???####"### | | # "" """ " #####"""" "" | | ## " " """ " | | ?### " | | ???### | | ?????## | | ??????## % | | ???????##" % | | ????????#""" @ """""" | | ???????##" ######""" | | ???????#"" ""##????#####""" | | ???????#""" """##?????????##""" | | ??????#""" """##???????????#"""" | | ??????#""" ""#???????????##"" | | ??????#"" ########??####"""" | | ??????#""" ## ####""" | | ??????#"" """" | | ??????##"" | | ???????#"""" | | ???????## " | | ????????#" " "" """ | | ????????#"""" ""## ##""" " " ""#" | | ????????#"" ""#### ######""" """##" | | ?????????" """"##??# #????###""""#### | | ?????????""" """#??## ####???######??# | | ?????????# ""##??#! "!#???????????# | | ??????????"" """#????#" !#???????????? | | ???????????""" #?????#" "#???????????? | | ?????????????""" #??????#!!""!"#???????????? | | ??????????????? ???????########???????????? | | ????????????????## #??????????????????????????? | | ?????????????????????????????????????????????????? | | ?????????????????????????????????????????????????? | +----------------------------------------------------+ Best States ------------- Heat Dissipation 38 Energy Generation 19 Energy Capacity 310 Matter Stores 300 Matter Capacity 300 Sight Range 16 Terrain Scan Density 10 Armor Coverage 450 Evasion (%) 55 Targeting Accuracy 12 Recoil Reduction 3 Trap Extractor Capacity 4 Item Schematics ----------------- None Robot Schematics ------------------ None Fabricated ------------ Nothing Alien Tech Used ----------------- None Achievements -------------- None Challenges ------------ None Game ------ Seed TransmissionPropulsionCloak Manual? 0 Play Time 00:28:20 Cumulative 140.8 hours Start 2022.11.12 @ 06:53:55 End 2022.11.12 @ 07:17:42 Sessions 1 Manual Loads 0 Difficulty Rogue Special Mode None Game No. 172 Rogue 172 Adventurer 0 Explorer 0 Win Type - Total 1 Types 1/0/0/0/0/0/0/0/0 Lore% 74 Gallery% 75 Achievement% 57 Wizard Run 0 Options --------- ASCII 0 Keyboard 0 Movement Numpad Keybinds 0 Fullscreen 2 Font 18/SmallcapsGlow Map View 76x50 Tactical HUD 1 Map Filters NONE Filters NONE Steam 1 RUN: 9bcd68ce-d034-4fb8-b353-204ba8050bfb